 Dungeon Crawl Stone Soup version 0.31.0-9-g3a7656b989 (webtiles) character file.

Game seed: 2915083525315399130

260087 stipulation the Middleweight Champion (level 19, -4/172 HPs)
             Began as a Ghoul Monk on Jan 25, 2024.
             Was the Champion of Wu Jian.
             Slain by a great orb of eyes (10 damage)
             ... on level 5 of the Pits of Slime.
             The game lasted 00:34:30 (38353 turns).

stipulation the Middleweight Champion (Ghoul Monk) Turns: 38353, Time: 00:34:30

Health: -4/172     AC: 21    Str: 21 (23) XL:     19   Next: 92%
Magic:  19/19      EV:  9    Int:  9      God:    Wu Jian [******]
Gold:   1174       SH:  0    Dex: 10 (11) Spells: 18/18 levels left

rFire   . .          .
                       - Unarmed
rCold   + + .        W - +0 kite shield
rNeg    + + +        r - +4 plate armour
rPois   ∞            s - +0 helmet
rElec   .            y - +0 cloak
rCorr   .            (no gloves)
SInv    .            Z - +1 pair of boots
Will    +....        g - amulet of reflection Stlth
                     T - ring of the Octopus King {Wiz HP+2 AC+2 EV+2 SH+2}
HPRegen 0.00/turn    M - ring of protection from cold
MPRegen 0.16/turn

%: reflection, wizardry (x1)
@: confused, corroded, inhibited regen, studying Maces & Flails
A: claws 1, cold resistance 1, negative energy resistance 3, inhibited
regeneration, torment resistance 2, devour on kill
}: 2/15 runes: barnacled, gossamer
a: Renounce Religion, Wall Jump, Serpent's Lash, Heavenly Storm


You were on level 5 of the Pits of Slime.
You worshipped Wu Jian.
Wu Jian was exalted by your worship.
You visited 6 branches of the dungeon, and saw 35 of its levels.

You collected 3171 gold pieces.
You spent 1997 gold pieces at shops.

Inventory:

Missiles
 V - 6 throwing nets (quivered)
Armour
 c - an orb of light
 r - a +4 plate armour (worn)
 s - a +0 helmet (worn)
 y - a +0 cloak (worn)
 W - a +0 kite shield (worn)
 Z - a +1 pair of boots (worn)
Jewellery
 g - an amulet of reflection (around neck)
 v - a ring of willpower
 C - an amulet of regeneration
 M - a ring of protection from cold (right claw)
 O - a ring of willpower
 P - a ring of resist corrosion
 R - a +5 ring of evasion
 T - a ring of the Octopus King (left claw) {Wiz HP+2 AC+2 EV+2 SH+2}
   (You found it on level 5 of the Lair of Beasts)

   [ring of wizardry]

   Wiz:       It improves your spell success rate.
   AC+2:      It affects your AC (+2).
   EV+2:      It affects your evasion (+2).
   HP+2:      It affects your health (+2).
   SH+2:      It affects your SH (+2).
 U - a ring of see invisible
 X - a +6 ring of strength
Wands
 A - a wand of flame (38)
 H - a wand of roots (9)
 L - a wand of paralysis (8)
 Q - a wand of acid (4)
Scrolls
 d - 3 scrolls of amnesia
 e - 5 scrolls of fog
 f - 3 scrolls of vulnerability
 i - 5 scrolls of fear
 m - 4 scrolls of enchant armour
 p - 7 scrolls of noise
 q - 3 scrolls of silence
 t - 12 scrolls of teleportation
 u - 6 scrolls of blinking
 w - 2 scrolls of revelation
 z - 4 scrolls of poison
 D - a scroll of summoning
 E - 3 scrolls of immolation
 K - 2 scrolls of enchant weapon
 N - 5 scrolls of identify
 Y - a scroll of torment
Potions
 a - 2 potions of heal wounds
 b - 7 potions of ambrosia
 h - 5 potions of degeneration
 k - 5 potions of invisibility
 l - 4 potions of enlightenment
 n - 7 potions of brilliance
 o - 11 potions of curing
 x - 2 potions of cancellation
 F - 3 potions of mutation
 G - 3 potions of magic
 I - a potion of attraction
 J - 8 potions of might
 S - 6 potions of haste
Miscellaneous
 j - a sack of spiders
 B - a phial of floods


   Skills:
 + Level 15.2 Fighting
 + Level 15.6 Armour
 - Level 2.6 Dodging
 + Level 11.7 Shields
 O Level 27 Unarmed Combat


You had 18 spell levels left.
You didn't know any spells.
Your spell library contained the following spells:

 Spells                   Type           Power      Damage    Failure   Level
 Apportation              Tloc           0%         N/A       93%         1
 Freeze                   Ice            0%         1d3       93%         1
 Necrotise                Necr           0%         1d4       93%         1
 Sandblast                Erth           0%         2d4       93%         1
 Sting                    Conj/Alch      0%         1d3       93%         1
 Summon Small Mammal      Summ           0%         N/A       93%         1
 Cigotuvi's Dreadful Rot  Necr/Alch/Air  0%         N/A       98%         2
 Mercury Vapours          Alch/Air       0%         N/A       98%         2
 Frozen Ramparts          Ice            0%         1d1       100%        3
 Gell's Gravitas          Tloc           0%         N/A       100%        3
 Hailstorm                Conj/Ice       0%         3d5       100%        3
 Passwall                 Erth           0%         N/A       100%        3
 Stone Arrow              Conj/Erth      0%         3d7       100%        3
 Summon Ice Beast         Ice/Summ       0%         N/A       100%        3
 Teleport Other           Tloc           0%         N/A       100%        3
 Animate Dead             Necr           0%         N/A       100%        4
 Brom's Barrelling Bould  Conj/Erth      0%         2d3       100%        4
 Ignite Poison            Fire/Alch      0%         N/A       100%        4
 Olgreb's Toxic Radiance  Alch           0%         N/A       100%        4
 Fireball                 Conj/Fire      0%         3d3       100%        5
 Freezing Cloud           Conj/Ice/Air   0%         6-21      100%        5
 Iskenderun's Battlesphe  Conj           0%         2d6       100%        5
 Conjure Ball Lightning   Conj/Air       0%         3x3d6     100%        6
 Dispersal                Tloc           0%         N/A       100%        6
 Sculpt Simulacrum        Ice/Alch       0%         N/A       100%        6
 Haunt                    Necr/Summ      0%         N/A       100%        7
 Orb of Destruction       Conj           0%         9d5       100%        7
 Infestation              Necr           0%         N/A       100%        8


Dungeon Overview and Level Annotations

Branches:
Dungeon (15/15)            Temple (0/1) D:7            Lair (5/5) D:11
 Shoals (4/4) Lair:3       Spider (4/4) Lair:2        Slime (5/5) Lair:5
    Orc (2/2) D:10            Elf (0/3) Orc:2        Vaults (0/5) D:14
 Depths (0/4) D:15

Altars:
Ashenzari
Cheibriados
Dithmenos
Gozag
Hepliaklqana
Kikubaaqudgha
Nemelex Xobeh
Okawaru
Sif Muna
Trog
Uskayaw
Vehumet
Wu Jian
Yredelemnul
Jiyva

Shops:
D:3 (   D:4 !   D:6 ?   D:7 *   D:9 (*(   Orc:1 :   Orc:2 *[!!   Shoals:4 [

Portals:
Trove: D:12 (show abyssal rune of Zot)

Annotations:
D:10 2 transporters, pigah's ghost, journeyman OpSh
Lair:3 exclusion: ice statue
Slime:5 Royal Jelly


Innate Abilities, Weirdness & Mutations

You are immune to poison.
You have sharp fingernails.
Your flesh is cold resistant. (rC+)
You are immune to negative energy. (rN+++)
You do not regenerate when monsters are visible.
You are immune to unholy pain and torment.
You thrive by killing the living.


Message History

The acid blob hits you but does no damage.
You claw the acid blob!
Your claws burn!
* * * LOW HITPOINT WARNING * * *
The acid blob is heavily wounded.
The acid blob spits acid at you. The splash of acid hits you!
* * * LOW HITPOINT WARNING * * *
You eviscerate the acid blob!!!
Your claws burn!
* * * LOW HITPOINT WARNING * * *
The acid blob is almost dead.
The acid blob closely misses you.
You scratch the acid blob.
Your claws burn!
* * * LOW HITPOINT WARNING * * *
The acid blob is almost dead.
You mangle the acid blob!!
You kill the acid blob!
The Council accepts your kill. The great orb of eyes gazes at you.
You resist with some effort.
You claw the great orb of eyes!
The great orb of eyes is lightly wounded.
You scratch the great orb of eyes but do no damage.
The great orb of eyes is lightly wounded.
The great orb of eyes bites you.
* * * LOW HITPOINT WARNING * * *
You scratch the great orb of eyes.
The great orb of eyes is moderately wounded.
You feel less exhausted. The great orb of eyes gazes at you.
You resist with some effort.
You spin and attack the great orb of eyes repeatedly.
You claw the great orb of eyes!
The great orb of eyes is moderately wounded.
You claw the great orb of eyes!
The great orb of eyes is severely wounded.
The great orb of eyes barely misses you.
The great orb of eyes gazes at you.
You are confused.
The great orb of eyes bites you!
You die...

### ### ###.## #.#######...^####
####..##..#........##
#.....##............#####
#...................#.#
#.....................##
##.....................#
#............@........####
##..........GG........##.####
#...........................##
##............................#
#..<.........................#.
###..............................
.................................
.................................
.................................


You could see 2 great orbs of eyes.

Vanquished Creatures
  Nikola (Shoals:4)
  Arachne (Spider:2)
  Rupert (D:14)
  The ghost of Strat the Impaler, an adept FoDe of Okawaru (Shoals:1)
  5 acid blobs
  7 azure jellies
  4 rockslimes
  5 emperor scorpions (Spider:4)
  Louise (Spider:1)
  3 frost giants
  4 ghost moths
  The ghost of Eugor the Eclecticist, a journeyman DECj of Vehumet (Shoals:2)
  A broodmother (Spider:4)
  4 formless jellyfish
  2 quicksilver oozes (Slime:2)
  A spark wasp (Spider:3)
  Azrael (Orc:2)
  A merfolk javelineer (Shoals:4)
  4 entropy weavers
  6 merfolk impalers
  A yaktaur captain (D:15)
  5 hydras
  A great orb of eyes (Slime:5)
  A vault guard (D:14)
  The ghost of HilariousDeathArtist the Fighter, a journeyman VSBe of Trog (D:13)
  An ice dragon (Lair:5)
  4 merfolk avatars
  A death knight (D:15)
  2 catoblepae
  An alligator snapping turtle (Shoals:4)
  8 centaur warriors
  5 boulder beetles
  3 satyrs (Shoals:3)
  8 merfolk aquamancers
  A tengu warrior (D:13)
  4 two-headed ogres
  Urug (Lair:4)
  A deep troll earth mage (D:15)
  10 death yaks
  3 orc high priests (Orc:2)
  8 demonic crawlers
  Sonja (Lair:4)
  A deep elf knight (D:14)
  A skeletal warrior (D:15)
  Amaemon (Lair:2)
  2 pharaoh ants
  3 skysharks
  A kraken simulacrum (Shoals:3)
  22 sea snakes
  2 sun moths
  3 arcanists
  11 orb spiders
  A lindwurm (Lair:4)
  3 necromancers (D:14)
  A phantasmal warrior (D:15)
  6 steelbarb worms
  26 harpies
  5 orc knights (Orc:2)
  4 deep elf pyromancers
  2 ugly things
  3 cyclopes
  7 orc sorcerers
  6 fauns
  14 manticores
  6 shining eyes
  15 wolf spiders
  Maurice (D:11)
  23 elephants
  12 black mambas
  4 meliai
  2 centaur zombies (D:13)
  2 moths of wrath
  5 kobold blastminers
  9 water nymphs
  10 merfolk sirens
  13 cane toads
  A gargoyle (D:13)
  5 eyes of devastation
  An orange demon (Lair:2)
  Maggie (Lair:2)
  An unseen horror (D:10)
  11 komodo dragons
  6 rime drakes
  8 torpor snails
  2 freezing wraiths (D:15)
  A yaktaur (shapeshifter) (D:15)
  An efreet (D:15)
  A tengu conjurer (D:15)
  5 yaktaurs
  6 wind drakes
  27 merfolk
  A queen bee (Lair:3)
  8 trolls
  10 polar bears
  29 tarantellas
  36 blink frogs
  2 hornets (Lair:5)
  17 dream sheep
  A glass eye (Slime:2)
  11 snapping turtles
  18 jumping spiders
  A shadow (D:5)
  66 slime creatures
  17 culicivoras
  A warg (Orc:2)
  2 wraiths
  26 humans
  3 fire elementals (Orc:2)
  An unseen horror simulacrum (D:8)
  12 water elementals
  5 wyverns
  An alligator snapping turtle simulacrum (Shoals:3)
  A vampire (D:10)
  A golden eye (shapeshifter) (D:15)
  63 yaks
  9 basilisks
  2 steam dragons
  A sea snake simulacrum (Shoals:3)
  36 redbacks
  Edmund (D:5)
  3 harpy simulacra (Shoals:3)
  A death yak simulacrum (Shoals:3)
  4 acid dragons
  15 water moccasins
  A hell hound (Orc:2)
  22 orc warriors
  12 ice beasts
  A satyr simulacrum (Shoals:3)
  2 sky beasts
  5 ogres
  10 wolves
  6 laughing skulls
  13 centaurs
  3 phantoms
  2 kobold brigands (D:9)
  11 bullfrogs
  7 scorpions
  2 merfolk simulacra (Shoals:3)
  3 wights (D:8)
  A burial acolyte (D:6)
  4 manticore simulacra (Shoals:3)
  41 killer bees
  2 snapping turtle simulacra (Shoals:3)
  A vampire bat (Lair:4)
  7 electric eels
  A bombardier beetle (D:4)
  A quasit (D:6)
  6 hounds
  6 jellies
  16 orc priests
  Crazy Yiuf (D:7)
  6 cyclops simulacra (Shoals:3)
  2 sleepcaps
  3 iguanas (D:5)
  27 orc wizards
  A centaur simulacrum (Shoals:3)
  2 hound zombies (D:6)
  A killer bee simulacrum (D:8)
  10 gnolls
  A river rat (Lair:3)
  8 adders
  4 shadow imps (D:6)
  13 white imps
  A howler monkey simulacrum (D:8)
  10 ufetubi
  An adder zombie (D:6)
  A ribbon worm (D:3)
  7 dart slugs
  80 orcs
  5 ball pythons
  12 bats
  7 endoplasms
  4 giant cockroaches
  3 gnoll zombies (D:6)
  7 goblins
  8 hobgoblins
  4 jackals
  4 quokkas
  2 frilled lizards
  18 kobolds
  A kobold zombie (D:6)
  4 rats
  A spectral kobold (D:8)
  A tentacle (Shoals:3)
1280 creatures vanquished.

Vanquished Creatures (others)
  A death yak (Lair:5)
  An orc priest (Orc:2)
  2 orcs
  3 ball lightnings (Shoals:2)
  4 tentacles (Shoals:3)
11 creatures vanquished.

Grand Total: 1291 creatures vanquished

Notes
Turn   | Place    | Note
-------+----------+-------------------------------------------
     0 | D:1      | stipulation the Ghoul Monk began the quest for the Orb.
     0 | D:1      | Reached XP level 1. HP: 19/19 MP: 1/1
   306 | D:1      | Reached XP level 2. HP: 19/26 MP: 2/2
   519 | D:1      | Reached skill level 4 in Unarmed Combat
  1061 | D:1      | Reached XP level 3. HP: 15/31 MP: 3/3
  1157 | D:2      | Reached skill level 5 in Unarmed Combat
  1251 | D:2      | Reached XP level 4. HP: 27/38 MP: 4/4
  1647 | D:2      | Reached skill level 6 in Unarmed Combat
  1870 | D:3      | Found Tainteg's Weapon Shoppe.
  1878 | D:3      | Reached XP level 5. HP: 37/45 MP: 5/5
  1959 | D:3      | Found a radiant altar of Vehumet.
  2002 | D:3      | Found a broken altar of Ashenzari.
  2322 | D:3      | Found a basalt altar of Yredelemnul.
  2378 | D:3      | Reached skill level 7 in Unarmed Combat
  2380 | D:3      | Reached XP level 6. HP: 51/51 MP: 6/6
  3010 | D:4      | Reached skill level 1 in Armour
  3159 | D:4      | Found a hide-covered altar of Uskayaw.
  3160 | D:4      | You fall into a shaft and drop 3 floors!
  3162 | D:7      | Found Duesch's Serpentskin Sales.
  3162 | D:7      | Noticed a water moccasin
  3162 | D:7      | Noticed a water moccasin
  3169 | D:7      | Killed a water moccasin
  3170 | D:7      | Reached skill level 8 in Unarmed Combat
  3170 | D:7      | Reached XP level 7. HP: 33/57 MP: 7/7
  3303 | D:7      | Noticed a steam dragon
  3326 | D:6      | Identified the +1 robe of Moistal {Int+3}
  3334 | D:6      | Found Ocottaedd's Magic Scroll Boutique.
  3361 | D:6      | Bought a scroll of blinking for 112 gold pieces
  3361 | D:6      | Bought a scroll of identify for 30 gold pieces
  3540 | D:5      | Entered Level 5 of the Dungeon
  3580 | D:5      | Found an iron altar of Okawaru.
  3641 | D:5      | Found a sparkling altar of Nemelex Xobeh.
  3649 | D:5      | Reached skill level 9 in Unarmed Combat
  3649 | D:5      | Reached XP level 8. HP: 63/63 MP: 8/8
  3822 | D:4      | Found Odoethoi's Distillery.
  3831 | D:4      | Bought a potion of curing for 30 gold pieces
  4330 | D:5      | Found a shimmering blue altar of Sif Muna.
  4435 | D:5      | Noticed Edmund
  4447 | D:5      | Killed Edmund
  4448 | D:5      | Reached skill level 5 in Armour
  4489 | D:5      | Noticed a shadow
  4503 | D:5      | Killed a shadow
  4504 | D:5      | Reached skill level 10 in Unarmed Combat
  4746 | D:5      | Reached XP level 9. HP: 70/70 MP: 9/9
  4974 | D:5      | Found a hazy altar of Hepliaklqana.
  5264 | D:6      | Reached skill level 11 in Unarmed Combat
  5438 | D:6      | Found a shadowy altar of Dithmenos.
  5629 | D:6      | Found an ancient bone altar of Kikubaaqudgha.
  5884 | D:7      | Found an opulent altar of Gozag.
  5902 | D:7      | Found a staircase to the Ecumenical Temple.
  5937 | D:7      | Found an ornate altar of the Wu Jian Council.
  5966 | D:7      | Became a worshipper of the Wu Jian Council
  5966 | D:7      | Reached * piety under Wu Jian
  5966 | D:7      | Reached ** piety under Wu Jian
  5994 | D:7      | Reached skill level 12 in Unarmed Combat
  6129 | D:7      | Found a bloodstained altar of Trog.
  6583 | D:7      | Found a runed translucent door.
  6584 | D:7      | Noticed Crazy Yiuf
  6593 | D:7      | Killed Crazy Yiuf
  6691 | D:7      | Identified the +10 hammer "Ixkoc" {freeze, ^Drain rF- rCorr
                  | Str+8}
  6743 | D:8      | Noticed a polar bear
  6752 | D:8      | Reached skill level 13 in Unarmed Combat
  6761 | D:8      | Killed a polar bear
  6762 | D:8      | Reached XP level 10. HP: 30/77 MP: 10/10
  7040 | D:8      | Reached skill level 14 in Unarmed Combat
  7082 | D:8      | Found a hazy altar of Hepliaklqana.
  7677 | D:8      | Noticed a death yak
  7691 | D:8      | Killed a death yak
  7692 | D:8      | Reached skill level 15 in Unarmed Combat
  7700 | D:8      | Reached *** piety under Wu Jian
  8029 | D:9      | Found Atzytu Bagu's Antique Weapon Emporium.
  8100 | D:9      | Found Hairen's Assorted Antiques.
  8347 | D:9      | Found Etruovaph's Antique Weapon Boutique.
  8363 | D:9      | Reached skill level 16 in Unarmed Combat
  8381 | D:9      | Reached XP level 11. HP: 25/82 MP: 11/11
  8637 | D:10     | Entered Level 10 of the Dungeon
  8637 | D:10     | Found a staircase to the Orcish Mines.
  8659 | D:10     | Found a transporter.
  8662 | D:10     | Noticed pigah's ghost (journeyman OpSh)
  8681 | D:10     | Reached **** piety under Wu Jian
  8743 | D:10     | Reached skill level 17 in Unarmed Combat
  8918 | D:10     | Noticed a two-headed ogre
  8926 | D:10     | Killed a two-headed ogre
  9170 | D:10     | Found a transporter.
  9188 | D:10     | Found a snail-covered altar of Cheibriados.
  9309 | D:11     | Noticed a white ugly thing
  9315 | D:11     | Killed a white ugly thing
  9551 | D:11     | Found a staircase to the Lair.
  9631 | D:11     | Noticed a manticore
  9636 | D:11     | Killed a manticore
  9637 | D:11     | Reached skill level 18 in Unarmed Combat
 10031 | D:11     | Noticed Maurice
 10038 | D:11     | Killed Maurice
 10160 | D:11     | Noticed a two-headed ogre
 10164 | D:11     | Killed a two-headed ogre
 10550 | D:4      | Bought a potion of heal wounds for 50 gold pieces
 10550 | D:4      | Bought a potion of attraction for 30 gold pieces
 10550 | D:4      | Bought a potion of curing for 30 gold pieces
 10696 | Lair:1   | Entered Level 1 of the Lair of Beasts
 10872 | Lair:1   | Reached XP level 12. HP: 89/89 MP: 12/12
 10876 | Lair:1   | Reached skill level 19 in Unarmed Combat
 11435 | Lair:1   | Reached skill level 20 in Unarmed Combat
 11679 | Lair:2   | Noticed Maggie
 11679 | Lair:2   | Noticed a catoblepas
 11686 | Lair:2   | Killed Maggie
 11698 | Lair:2   | Killed a catoblepas
 12138 | Lair:2   | Found a hole to the Spider Nest.
 12200 | Lair:2   | Noticed a death yak
 12205 | Lair:2   | Reached skill level 21 in Unarmed Combat
 12205 | Lair:2   | Noticed a death yak
 12213 | Lair:2   | Noticed a death yak
 12219 | Lair:2   | Killed a death yak
 12224 | Lair:2   | Killed a death yak
 12225 | Lair:2   | Reached XP level 13. HP: 53/94 MP: 13/13
 12344 | Lair:2   | Reached skill level 22 in Unarmed Combat
 12881 | Lair:2   | Noticed Amaemon
 12893 | Lair:2   | Killed Amaemon
 13223 | Lair:3   | Reached ***** piety under Wu Jian
 13426 | Lair:3   | Reached skill level 23 in Unarmed Combat
 14099 | Lair:3   | Reached XP level 14. HP: 102/102 MP: 14/14
 14356 | Lair:3   | Identified the +6 hand axe "Puarit" {elec, Str+5 Int-5
                  | SInv}
 14578 | Lair:3   | Found a staircase to the Shoals.
 14882 | Lair:4   | Noticed Urug
 14890 | Lair:4   | Killed Urug
 15364 | Lair:4   | Noticed Sonja
 15379 | Lair:4   | Killed Sonja
 16189 | Lair:5   | Entered Level 5 of the Lair of Beasts
 16206 | Lair:5   | Reached skill level 24 in Unarmed Combat
 16313 | Lair:5   | Reached skill level 10 in Armour
 16711 | Lair:5   | Reached ****** piety under Wu Jian
 16721 | Lair:5   | Found a staircase to the Slime Pits.
 16726 | Lair:5   | Found a viscous altar of Jiyva.
 16871 | Lair:5   | Reached XP level 15. HP: 101/107 MP: 15/15
 17120 | Lair:5   | Reached skill level 25 in Unarmed Combat
 17756 | Lair:5   | Found the ring of the Octopus King
 17766 | Lair:5   | Identified a ring of the Octopus King {Wiz HP+2 AC+2 EV+2
                  | SH+2}
 17768 | Lair:5   | Identified the staff of Dominance {rPois rC+ Int+4 Alchemy}
 18632 | D:12     | Reached skill level 26 in Unarmed Combat
 18789 | D:12     | Found a portal to a secret trove of treasure.
 19021 | D:12     | Identified the +3 scale mail "Xietoura" {Rampage rF- rN+
                  | Int+4}
 19059 | D:12     | HP: 1/109 [human/+3 quarterstaff (7)]
 19319 | D:12     | Identified the +7 war axe "Monax" {holy, ^Contam rElec rC+
                  | Int+3}
 20196 | D:13     | Found a runed translucent gate.
 20196 | D:13     | Found a runed translucent gate.
 20196 | D:13     | Found a runed translucent gate.
 20196 | D:13     | Noticed HilariousDeathArtist's ghost (journeyman VSBe)
 20199 | D:13     | Found a basalt altar of Yredelemnul.
 20224 | D:13     | Killed HilariousDeathArtist's ghost
 21025 | D:14     | Noticed Rupert
 21030 | D:14     | Killed Rupert
 21593 | D:14     | Reached XP level 16. HP: 114/114 MP: 16/16
 21834 | D:14     | Reached skill level 27 in Unarmed Combat
 21855 | D:14     | Found a gate to the Vaults.
 22136 | D:15     | Entered Level 15 of the Dungeon
 22172 | D:15     | Reached skill level 5 in Fighting
 22181 | D:15     | Found a staircase to the Depths.
 22865 | D:15     | Reached skill level 1 in Shields
 23326 | Spider:1 | Entered Level 1 of the Spider Nest
 24434 | Spider:1 | Noticed Louise
 24442 | Spider:1 | Killed Louise
 24649 | Spider:1 | Identified the +8 spear "Sanixaiw" {holy, ^Fragile rN++
                  | Will+ SInv}
 26029 | Spider:2 | Noticed Arachne
 26051 | Spider:2 | Killed Arachne
 26540 | Spider:2 | Reached XP level 17. HP: 103/136 MP: 17/17
 27103 | Spider:3 | Reached skill level 5 in Shields
 27470 | Spider:4 | Entered Level 4 of the Spider Nest
 27773 | Spider:4 | Identified the +3 dagger "Avakhlo" {freeze, rElec Int+3
                  | SInv}
 28104 | Spider:4 | Reached skill level 10 in Fighting
 28331 | Spider:4 | Got a gossamer rune of Zot
 28773 | Spider:4 | Identified the serpent talisman of the Morning {rC+ Str+5
                  | Int-5}
 29041 | Orc:1    | Entered Level 1 of the Orcish Mines
 29255 | Orc:1    | Found Deng's Self-Improvement Boutique.
 29403 | Orc:2    | Entered Level 2 of the Orcish Mines
 29423 | Orc:2    | Found a staircase to the Elven Halls.
 29461 | Orc:2    | Noticed Azrael
 29475 | Orc:2    | Killed Azrael
 29947 | Orc:2    | Paralysed by an orc sorcerer for 3 turns
 29966 | Orc:2    | Reached XP level 18. HP: 137/151 MP: 11/18
 29968 | Orc:2    | Found Vidas's Distillery.
 29968 | Orc:2    | Found Gox Ysar's Assorted Antiques.
 29970 | Orc:2    | Found Fibacwai's Antique Armour Shop.
 29970 | Orc:2    | Found Tinogurgh's Distillery.
 30008 | Orc:2    | Bought a potion of curing for 90 gold pieces
 30011 | Orc:2    | Bought a potion of haste for 110 gold pieces
 30011 | Orc:2    | Bought a potion of degeneration for 11 gold pieces
 30011 | Orc:2    | Bought 2 potions of might for 88 gold pieces
 30011 | Orc:2    | Bought 2 potions of might for 88 gold pieces
 30013 | Orc:2    | Bought a potion of enlightenment for 80 gold pieces
 30013 | Orc:2    | Bought a potion of invisibility for 128 gold pieces
 30013 | Orc:2    | Bought a potion of curing for 48 gold pieces
 30434 | Shoals:1 | Entered Level 1 of the Shoals
 30500 | Shoals:1 | Found a runed translucent door.
 30500 | Shoals:1 | Noticed Strat's ghost (adept FoDe)
 31407 | Shoals:1 | Killed Strat's ghost
 31994 | Shoals:2 | Found a runed translucent door.
 31994 | Shoals:2 | Noticed Eugor's ghost (journeyman DECj)
 32410 | Shoals:2 | Killed Eugor's ghost
 32625 | Shoals:3 | Found a runed translucent gate.
 32625 | Shoals:3 | Found a runed translucent gate.
 32625 | Shoals:3 | Found a runed translucent gate.
 33990 | Shoals:4 | Entered Level 4 of the Shoals
 34431 | Shoals:4 | Reached skill level 10 in Shields
 34456 | Shoals:4 | Reached XP level 19. HP: 67/165 MP: 19/19
 34476 | Shoals:4 | Got a barnacled rune of Zot
 35010 | Shoals:4 | Identified the +8 hand cannon "Wetolage" {flame, rElec
                  | rCorr Dex-2}
 35429 | Shoals:4 | Noticed Nikola
 35446 | Shoals:4 | Killed Nikola
 35564 | Shoals:4 | Found the +7 lajatang of Order {silver, rMut}
 35668 | Shoals:4 | Found Holeig's Antique Armour Shoppe.
 35682 | Shoals:4 | Bought a pair of runed boots for 240 gold pieces
 35682 | Shoals:4 | Bought a shiny plate armour for 832 gold pieces
 35912 | Slime:1  | Entered Level 1 of the Pits of Slime
 35961 | Slime:1  | Reached skill level 15 in Armour
 37380 | Slime:3  | Found a viscous altar of Jiyva.
 38060 | Slime:5  | Entered Level 5 of the Pits of Slime
 38073 | Slime:5  | Reached skill level 15 in Fighting
 38303 | Slime:5  | Found a viscous altar of Jiyva.
 38303 | Slime:5  | Noticed the Royal Jelly
 38350 | Slime:5  | HP: 6/172 [great orb of eyes (3)]
 38353 | Slime:5  | Slain by a great orb of eyes

Illustrated notes

Levels and vault maps discovered:
D:1:      minmay_arrival_five_plusses, layout_basic
D:2:      layout_rooms, serial_rivers, chequers_serial_rivers_micro_e,
          chequers_serial_rivers_small_b, chequers_serial_rivers_small_b,
          chequers_serial_rivers_micro_e, hangedman_abyss_or_decor_lesser_grid,
          minmay_between
D:3:      layout_loops_ring, vehumet_crystals, mainiacjoe_overflow_catwalk,
          evilmike_ruin_ashenzari, serial_shops, shop
D:4:      layout_cave_pods, nicolae_uskayaw_murder_on_the_dancefloor,
          serial_shops, shop, dk_noncrumbling_3
D:5:      nicolae_cairo_tiling_very_big, layout_loops_corners,
          okawaru_gym_becter, mainiacjoe_overflow_alcove_1,
          hangedman_feature_mirror, st_stairs_7, uniq_edmund
D:6:      layout_basic, regret_index_kikubaaqudgha_part_by_part,
          grunt_dithmenos_smoke, serial_shops,
          nicolae_shop_competitors_out_of_business, serial_demonic,
          serial_demonic_e, serial_demonic_f, serial_demonic_f,
          serial_demonic_d, amcnicky_mini_rare_corridor_liquid
D:7:      layout_gridville, nicolae_gozag_cash_rules_everything_around_me,
          nicolae_wu_jian_wuxing_cycle, mainiacjoe_overflow_cross_hatched,
          minmay_temple_entry_junction, guppyfry_shop_venom,
          uniq_crazy_yiuf_cottage
D:8:      layout_gridville, nicolae_hepliaklqana_monster_ancestors, serial_ice,
          serial_ice_o, serial_ice_k, serial_ice_m, serial_ice_f, serial_ice_a,
          serial_ice_e, serial_ice_h, serial_ice_n, serial_ice_g, serial_ice_b
D:9:      layout_roguey, serial_shops, shop, shop, nicolae_shop_hallway_stairs
D:10:     layout_cave_pools, kennysheep_slug_shrine, orc_0_dummy,
          gammafunk_ghost_stat_death, nicolae_tricolors
D:11:     layout_irregular_city, david_lair_shrubbed, uniq_maurice
D:12:     layout_irregular_city, nicolae_trove_entry_crossroad, roadster_trireme
D:13:     layout_cave_pods, serial_glass, glass_columns_b, glass_columns_a,
          glass_columns_b, glass_columns_b, nicolae_yredelemnul_ghost_church
D:14:     layout_basic, grunt_vaults_entry_tiered, serial_rivers,
          chequers_serial_rivers_room_b, chequers_serial_rivers_small_3,
          chequers_serial_rivers_small_3, chequers_serial_rivers_micro_c,
          serial_bayou_shore_b, uniq_rupert
D:15:     hellmonk_depths_entry_around_the_bend, layout_rooms, special_room
          [special_room_orc], nicolae_water_bricks
Lair:1:   layout_regular_city, chequers_serial_rivers_micro_e,
          chequers_serial_rivers_small_a, serial_bayou_shore_b,
          lemuel_fruit_fields
Lair:2:   layout_loops_ring, hellmonk_spider_entry_not_the_bees, uniq_amaemon,
          uniq_maggie
Lair:3:   regret_index_tunnel_blossom, layout_cave_pods,
          minmay_shoals_entry_hut, ice2_lemuel
Lair:4:   layout_loops_ring, chequers_serial_rivers_large_b,
          nicolae_quartered_pool_impasse, roderic_batcave, lemuel_fruit_fields,
          uniq_urug, uniq_sonja
Lair:5:   gammafunk_lair_ancient_temple, layout_regular_city,
          nicolae_slime_entry_slimehenge, serial_bayou, serial_bayou_shore_a,
          serial_bayou_lake_a, serial_bayou_shore_b, serial_bayou_pond_e,
          bobbens_ice_dragon_lair
Shoals:1: cheibrodos_shoals_three_sisters, layout_shoals, gammafunk_ghost_grave
Shoals:2: layout_shoals, gammafunk_ghost_grave
Shoals:3: layout_shoals, nicolae_shoals_beach_cooler
Shoals:4: shoals_end_grunt_ice, layout_shoals, serial_shops,
          nicolae_shop_hallway_plus, yaktaur_hedge, uniq_nikola
Spider:1: layout_cave_pods, nicolae_spider_nook, uniq_louise
Spider:2: layout_cave_pods, nicolae_spider_eight_legs, uniq_arachne
Spider:3: layout_spider_delve, nicolae_spider_stair_cavern
Spider:4: guppyfry_spider_rune
Slime:1:  layout_caves
Slime:2:  layout_caves
Slime:3:  layout_caves, basic_altar
Slime:4:  layout_caves, cheibrodos_slime_lost_civilization_4
Slime:5:  slime_pit
Orc:1:    layout_diamond_mine, nicolae_shop_self_help
Orc:2:    grunt_orc_tribal_feast, layout_caves, basic_altar,
          nicolae_orc_minecarts, uniq_azrael

Skill      XL: |  1  2  3  4  5  6  7  8  9 10 11 12 13 14 15 16 17 18 19 |
---------------+----------------------------------------------------------+-----
Unarmed Combat | 4 5 6 7 8 9 10 13 16 18 21 23 24 26 27 | 27.0
Armour         | 2 3 5 6 7 10 11 13 14 15 | 15.6
Fighting       | 8 11 13 15 | 15.2
Shields        | 4 7 10 11 | 11.7
Dodging        | |  2.6

Action                     |  1- 3 |  4- 6 |  7- 9 | 10-12 | 13-15 | 16-18 | 19-21 || total
---------------------------+-------+-------+-------+-------+-------+-------+-------++-------
  Melee: Unarmed           |    68 |   116 |   274 |   571 |  1179 |  1664 |   648 ||  4520
  Throw: Throwing net      |       |       |       |     1 |     2 |       |       ||     3
 Invoke: Serpent's Lash    |       |       |       |     7 |    14 |    17 |     7 ||    45
         Heavenly Storm    |       |       |       |       |       |     3 |       ||     3
Ability: Whirlwind         |       |       |    10 |   109 |   161 |   200 |   186 ||   666
         Lunge             |       |       |     1 |    28 |    94 |   120 |    35 ||   278
         Wall Jump         |       |       |     1 |     3 |     3 |    11 |       ||    18
  Evoke: Wand              |       |       |       |       |    10 |       |       ||    10
    Use: Scroll            |       |       |     4 |     2 |     5 |    16 |     1 ||    28
         Potion            |       |       |       |     1 |     1 |     3 |       ||     5
   Stab: Held in net/web   |       |       |       |     3 |     2 |       |       ||     5
 Armour: Robe              |    59 |    40 |       |       |       |       |       ||    99
         Plate armour      |       |    22 |   210 |   143 |       |   232 |   254 ||   861
         Chain mail        |       |       |       |   304 |   704 |   725 |       ||  1733
  Dodge: Dodged            |    69 |    45 |    62 |   206 |   346 |   506 |    96 ||  1330
  Block: Kite shield       |       |       |       |       |       |   460 |   273 ||   733
         Reflection        |       |       |       |       |       |    26 |     6 ||    32
